 Dungeon Crawl Stone Soup version 0.30-a0-125-g51eefa89be (webtiles) character file.

Game seed: 12778765688933168504

85831 internetguy the Warrior (level 15, 0/137 HPs)
             Began as a Demonspawn Fighter on Sept 16, 2022.
             Was the Champion of Dithmenos.
             Slain by a jumping spider simulacrum (6 damage)
             ... on level 2 of the Spider Nest on Sept 18, 2022.
             The game lasted 03:16:03 (24535 turns).

internetguy the Warrior (Demonspawn Fighter)       Turns: 24535, Time: 03:16:04

Health: 0/137      AC: 14    Str: 23    XL:     15   Next: 39%
Magic:  0/15       EV: 10    Int:  9    God:    Dithmenos [******]
Gold:   1555       SH:  0    Dex: 14    Spells: 14/14 levels left

rFire   + . .      SeeInvis .    a - +5 battleaxe (venom)
rCold   + . .      Faith    .    (shield currently unavailable)
rNeg    + . .      Spirit   +    n - +0 plate armour
rPois   +          Reflect  .    (helmet restricted)
rElec   .          Harm     .    V - scarf {rC+ rF+}
rCorr   .          Rampage  .    (no gloves)
Will    ++...                    t - +2 pair of boots
Stlth   ..........               r - amulet of guardian spirit
HPRegen 0.32/turn                s - ring of Dishonesty {rN+ Will+}
MPRegen 0.14/turn                Q - ring of poison resistance

@: about to teleport, corroded, wreathed by umbra
A: horns 1, spiny 2, sturdy frame 3, demonic magic 1
a: Renounce Religion, Shadow Step, Shadow Form


You were on level 2 of the Spider Nest.
You worshipped Dithmenos.
Dithmenos was exalted by your worship.
You visited 5 branches of the dungeon, and saw 22 of its levels.
You also visited: Sewer and Bailey.

You collected 2399 gold pieces.
You spent 844 gold pieces at shops.

Inventory:

Hand Weapons
 a - a +5 battleaxe of venom (weapon)
 b - the +2 sling of the Boar {speed, rN+ Dex+3 Stlth+}
   (You found it on level 3 of the Dungeon)

   Attacks with this weapon are significantly faster.
   Dex:       It affects your dexterity (+3).
   rN:        It protects you from negative energy.
   Stlth:     It makes you more stealthy.
 J - a +2 demon whip of pain
Missiles
 h - 137 stones (quivered)
 y - 2 throwing nets
Armour
 c - a +0 buckler
 n - a +0 plate armour (worn)
 t - a +2 pair of boots (worn)
 K - the +6 scale mail of Burnt Mirth {rElec Regen+ MP+9 Str-4}
   (You found it on level 9 of the Dungeon)

   Str:       It affects your strength (-4).
   rElec:     It insulates you from electricity.
   MP:        It affects your magic capacity (+9).
   Regen:     It increases your rate of health regeneration.
 V - a scarf of resistance (worn)
Jewellery
 i - a ring of ice
 p - a ring of willpower
 r - an amulet of guardian spirit (around neck)
 s - the ring of Dishonesty (left hand) {rN+ Will+}
   (You bought it in a shop on level 2 of the Orcish Mines)

   [ring of willpower]

   rN:        It protects you from negative energy.
   Will:      It increases your willpower.
 v - a +4 ring of evasion
 z - a +4 ring of evasion
 H - a ring of positive energy
 Q - a ring of poison resistance (right hand)
Wands
 w - a wand of flame (15)
 I - a wand of polymorph (12)
 O - a wand of mindburst (8)
 T - a wand of iceblast (4)
 Z - a wand of quicksilver (3)
Scrolls
 e - 6 scrolls of identify
 g - 3 scrolls of noise
 j - 9 scrolls of teleportation
 k - a scroll of blinking
 m - 4 scrolls of amnesia
 o - a scroll of poison
 A - a scroll of fog
 B - 4 scrolls of enchant weapon
 N - 2 scrolls of magic mapping
 U - a scroll of silence
 X - 2 scrolls of enchant armour
Potions
 d - a potion of curing
 f - 8 potions of flight
 l - 4 potions of cancellation
 x - 3 potions of lignification
 C - a potion of might
 G - 4 potions of brilliance
 M - a potion of haste
 P - 2 potions of magic
 R - 2 potions of resistance
 Y - a potion of berserk rage


   Skills:
 + Level 18.3 Fighting
 - Level 3.8 Long Blades
 + Level 3.5(8.5) Axes
 - Level 12.0(12.2) Maces & Flails
 - Level 9.3 Ranged Weapons
 + Level 11.1 Armour
 * Level 2.5 Dodging
 - Level 4.0 Shields


You had 14 spell levels left.
You didn't know any spells.
Your spell library contained the following spells:

 Spells                   Type           Power      Damage    Failure   Level
 Magic Dart               Conj           0%         1d3       75%         1
 Sandblast                Erth           0%         2d4       75%         1
 Passwall                 Tmut/Erth      0%         N/A       87%         2
 Searing Ray              Conj           0%         2d4       87%         2
 Call Canine Familiar     Summ           0%         N/A       98%         3
 Dazzling Flash           Conj/Hex       0%         N/A       98%         3
 Kindle Blastsparks       Fire/Tloc/Air  0%         2d10      98%         3
 Portal Projectile        Hex/Tloc       0%         N/A       98%         3
 Stone Arrow              Conj/Erth      0%         3d7       98%         3
 Fulminant Prism          Conj/Hex       0%         3d6       100%        4
 Iskenderun's Mystic Bla  Conj/Tloc      0%         2d3       100%        4
 Leda's Liquefaction      Hex/Erth       0%         N/A       100%        4
 Lee's Rapid Deconstruct  Erth           0%         3d5*      100%        5
 Starburst                Conj/Fire      0%         6d3       100%        6


Dungeon Overview and Level Annotations

Branches:
Dungeon (12/15)            Temple (1/1) D:6            Lair (5/5) D:11
  Swamp (0/4) Lair:3       Spider (1/4) Lair:2        Slime (0/5) Lair:5
    Orc (2/2) D:11            Elf (0/3) Orc:2         Sewer (visited)
 Bailey (visited)

Altars:
Ashenzari
Cheibriados
Dithmenos
Fedhas
Gozag
Kikubaaqudgha
Makhleb
Okawaru
Qazlal
Ru
Sif Muna
Uskayaw
Vehumet
Wu Jian
Xom
Yredelemnul

Shops:
D:6 :!((?   Orc:2 ::(=

Annotations:
Lair:5 3 runed translucent doors, Wigep's ghost, journeyman SpHu


Innate Abilities, Weirdness & Mutations

You have a pair of small horns on your head.
You are mostly covered in sharp spines.
Your movements are significantly less encumbered by armour. (ER -6)
Spells you cast may paralyse adjacent enemies.


Message History

The jumping spider simulacrum is struck by your spines.
The jumping spider simulacrum barely misses you.
The jumping spider simulacrum bites you but does no damage.
The entropy weaver is struck by your spines.
The entropy weaver hits you but does no damage.
The entropy weaver barely misses you.
The entropy weaver hits you but does no damage. x2
The jumping spider simulacrum attacks as you move away!
The jumping spider simulacrum pounces on you.
The jumping spider simulacrum freezes you!
You resist.
The jumping spider simulacrum barely misses you.
The jumping spider simulacrum attacks as you move away!
The jumping spider simulacrum pounces on you.
The jumping spider simulacrum freezes you.
You resist.
* * * LOW HITPOINT WARNING * * *
The jumping spider simulacrum closely misses you.
The entropy weaver attacks as you move away!
The entropy weaver hits you but does no damage.
The entropy weaver barely misses you. The entropy weaver hits you!
* * * LOW HITPOINT WARNING * * *
The entropy weaver hits you but does no damage.
The entropy weaver casts a spell at you.
The entropic weave corrodes you!
The jumping spider simulacrum is struck by your spines.
The jumping spider simulacrum pounces on you but does no damage.
The jumping spider simulacrum misses you.
The jumping spider simulacrum attacks as you move away!
The jumping spider simulacrum pounces on you!
* * * LOW HITPOINT WARNING * * *
The jumping spider simulacrum freezes you!
You resist.
* * * LOW HITPOINT WARNING * * *
The jumping spider simulacrum bites you but does no damage.
The jumping spider simulacrum pounces on you!
* * * LOW HITPOINT WARNING * * *
The jumping spider simulacrum freezes you!
You resist.
You die...

#### ##..##
##....#
#...@^#
#..ZZ.#
##.†BZ.#
#......#
#......#
....#.....#
..........#
..........#
......^...#


You could see an entropy weaver (soul bound, poisoned), 2 jumping spider
simulacra and a redback simulacrum.

Vanquished Creatures
  Kirke (Spider:1)
  An orc warlord (Orc:2)
  Nessos (Lair:3)
  An entropy weaver (Spider:1)
  A fire dragon (Lair:5)
  Harold (Lair:1)
  2 vault guards (Bailey)
  4 hydras
  2 ogre magi (Orc:2)
  8 two-headed ogres
  A boulder beetle (Lair:3)
  An alligator (Lair:5)
  5 death yaks (Lair:5)
  Sonja (Orc:2)
  Nergalle (D:12)
  Amaemon (Lair:1)
  2 deep trolls (Orc:2)
  2 pharaoh ants
  A swamp dragon (Lair:5)
  An orb spider (Spider:1)
  3 orc knights
  2 orc sorcerers
  2 oklob plants (D:11)
  3 cyclopes
  A manticore (Lair:5)
  4 wolf spiders
  5 elephants (Lair:5)
  5 black mambas
  An orange demon (Lair:1)
  4 torpor snails
  A gargoyle (D:12)
  An unseen horror (D:12)
  6 rime drakes
  8 cane toads
  4 komodo dragons
  A demonic crawler (Spider:1)
  Psyche (D:9)
  2 kobold demonologists (D:12)
  A hornet (D:9)
  12 trolls
  9 tarantellas (Spider:1)
  14 polar bears
  Prince Ribbit (Bailey)
  14 blink frogs
  A tyrant leech (Lair:3)
  3 raiju (Lair:5)
  11 dream sheep
  10 jumping spiders
  11 culicivoras
  4 shadows
  4 basilisks
  A vampire (D:7)
  4 wraiths
  7 hogs (Spider:1)
  4 humans (Bailey)
  3 wyverns
  44 yaks
  13 redbacks
  3 steam dragons
  2 vampire mosquitoes (D:11)
  Grum (D:8)
  Menkaure (D:5)
  9 wargs
  2 acid dragons
  12 water moccasins
  14 hell hounds (Lair:5)
  2 ice beasts (D:7)
  2 swamp drakes (Lair:5)
  Duvessa (D:5)
  14 black bears
  15 orc warriors
  A sky beast (D:7)
  22 ogres
  20 wolves
  3 centaurs
  2 phantoms
  Blork the orc (D:5)
  2 kobold brigands (Sewer)
  24 bullfrogs
  A gnoll sergeant (D:4)
  2 necrophages
  13 wights
  Dowan (D:5)
  10 killer bees
  2 howler monkeys
  5 crimson imps (D:12)
  4 hounds
  2 jellies (D:6)
  13 orc priests
  Crazy Yiuf (D:5)
  11 orc wizards
  Ijyb (D:5)
  2 hell rats (Lair:3)
  8 iguanas
  8 ogre zombies (D:11)
  14 gnolls
  9 river rats
  8 adders
  2 shadow imps (D:12)
  2 white imps (D:12)
  An ufetubus (D:6)
  5 worms
  2 dart slugs
  64 orcs
  10 ball pythons
  5 endoplasms
  4 giant cockroaches
  7 goblins
  14 hobgoblins
  7 jackals
  14 kobolds
  A quokka (D:3)
  7 bats
  2 frilled lizards
  2 goblin skeletons
  5 goblin zombies (D:11)
  A hobgoblin zombie (D:11)
  3 orc skeletons (D:11)
  15 orc zombies (D:11)
  10 rats
714 creatures vanquished.

Vanquished Creatures (collateral kills)
  An emperor scorpion (Lair:2)
1 creature vanquished.

Vanquished Creatures (others)
  2 cane toads (Lair:3)
  2 polar bears
  A yak (Lair:3)
  A water moccasin (D:6)
  An iguana (Lair:5)
  2 orcs (Orc:2)
  A goblin skeleton (D:6)
  25 fungi
  52 plants
87 creatures vanquished.

Grand Total: 802 creatures vanquished

Notes
Turn   | Place    | Note
-------+----------+-------------------------------------------
     0 | D:1      | internetguy the Demonspawn Fighter began the quest for the
                  | Orb.
     0 | D:1      | Reached XP level 1. HP: 18/18 MP: 1/1
    35 | D:1      | Gained mutation: You are partially covered in sharp spines.
                  | [demonic ancestry]
    35 | D:1      | Reached XP level 2. HP: 18/24 MP: 2/2
    75 | D:1      | You fall into a shaft and drop 1 floor!
   258 | D:2      | Gained mutation: You have a pair of small horns on your
                  | head. [demonic ancestry]
   258 | D:2      | Reached XP level 3. HP: 26/29 MP: 3/3
  1434 | D:1      | Gained mutation: You are mostly covered in sharp spines.
                  | [demonic ancestry]
  1434 | D:1      | Reached XP level 4. HP: 30/35 MP: 4/4
  2106 | D:3      | Found a glowing drain.
  2130 | Sewer    | Entered a sewer
  2363 | Sewer    | Noticed a kobold brigand
  2383 | Sewer    | Killed a kobold brigand
  2384 | Sewer    | Reached XP level 5. HP: 42/42 MP: 5/5
  2451 | Sewer    | Gained mutation: Your movements are slightly less
                  | encumbered by armour. (ER -2) [demonic ancestry]
  2451 | Sewer    | Reached XP level 6. HP: 38/48 MP: 6/6
  2579 | D:3      | Reached skill level 4 in Fighting
  2714 | D:3      | Identified the +2 sling of the Boar {speed, rN+ Dex+3
                  | Stlth+}
  2732 | D:3      | Found a faded altar of an unknown god.
  2733 | D:3      | Found an iron altar of Okawaru.
  3726 | D:4      | Reached skill level 1 in Maces & Flails
  4766 | D:4      | Reached XP level 7. HP: 25/54 MP: 3/7
  5056 | D:4      | Reached skill level 1 in Ranged Weapons
  5075 | D:4      | Found a broken altar of Ashenzari.
  5080 | D:4      | Found a blossoming altar of Fedhas.
  5080 | D:4      | Found a shadowy altar of Dithmenos.
  5095 | D:4      | Became a worshipper of Dithmenos the Shadowed
  5142 | D:4      | Found a sacrificial altar of Ru.
  5182 | D:5      | Entered Level 5 of the Dungeon
  5300 | D:5      | Noticed Dowan
  5300 | D:5      | Noticed Duvessa
  5307 | D:5      | Killed Duvessa
  5308 | D:5      | Killed Dowan
  5402 | D:5      | Noticed Ijyb
  5410 | D:5      | Killed Ijyb
  5514 | D:5      | Noticed Blork the orc
  5539 | D:5      | Killed Blork the orc
  5797 | D:5      | Noticed Menkaure
  5850 | D:5      | Killed Menkaure
  5851 | D:5      | Gained mutation: Spells you cast may paralyse adjacent
                  | enemies. [demonic ancestry]
  5851 | D:5      | Reached XP level 8. HP: 8/61 MP: 1/8
  6323 | D:5      | Found a runed translucent door.
  6324 | D:5      | Noticed Crazy Yiuf
  6333 | D:5      | Killed Crazy Yiuf
  6478 | D:6      | Found Plog's Book Shop.
  6574 | D:6      | Found Bysyiq's Weapon Shop.
  6604 | D:6      | Found Sirif's Antique Weapon Shop.
  6737 | D:6      | Reached * piety under Dithmenos
  6820 | D:6      | Reached skill level 5 in Maces & Flails
  7035 | D:6      | Found Qorel's Distillery.
  7039 | D:6      | Bought a potion of might for 52 gold pieces
  7039 | D:6      | Bought a potion of heal wounds for 65 gold pieces
  7100 | D:6      | Reached skill level 5 in Armour
  7108 | D:6      | Found a runed translucent door.
  7110 | D:6      | Found a basalt altar of Yredelemnul.
  7132 | D:6      | Found a staircase to the Ecumenical Temple.
  7277 | Temple   | Entered the Ecumenical Temple
  7379 | D:6      | Reached skill level 5 in Fighting
  7405 | D:6      | Found Huduem's Magic Scroll Emporium.
  7412 | D:6      | Bought a scroll of blinking for 82 gold pieces
  7412 | D:6      | Bought a scroll of teleportation for 33 gold pieces
  7412 | D:6      | Bought a scroll of teleportation for 33 gold pieces
  7707 | D:7      | Reached XP level 9. HP: 51/68 MP: 6/9
  8578 | D:8      | Found a flagged portal.
  8578 | D:8      | Noticed Grum
  8598 | D:8      | Killed Grum
  8602 | D:8      | Reached ** piety under Dithmenos
  8612 | Bailey   | Entered a bailey
  8625 | Bailey   | Reached skill level 5 in Ranged Weapons
  8675 | Bailey   | Gained mutation: Your movements are less encumbered by
                  | armour. (ER -4) [demonic ancestry]
  8675 | Bailey   | Reached XP level 10. HP: 60/76 MP: 7/10
  8713 | Bailey   | Reached skill level 6 in Fighting
  8728 | Bailey   | Noticed Prince Ribbit
  8728 | Bailey   | Noticed a vault guard
  8746 | Bailey   | Killed Prince Ribbit
  8756 | Bailey   | Killed a vault guard
  8959 | Bailey   | Noticed a vault guard
  8974 | Bailey   | Killed a vault guard
  9385 | D:8      | Reached skill level 10 in Maces & Flails
  9702 | D:8      | Found a hide-covered altar of Uskayaw.
  9832 | D:9      | Reached *** piety under Dithmenos
  9842 | D:9      | Identified the +6 scale mail of Burnt Mirth {rElec Regen+
                  | MP+9 Str-4}
 10252 | D:9      | Noticed Psyche
 10264 | D:9      | Killed Psyche
 10432 | D:9      | Paralysed by a hornet for 1 turns
 10435 | D:9      | Reached XP level 11. HP: 82/83 MP: 11/11
 10540 | D:10     | Entered Level 10 of the Dungeon
 10788 | D:10     | Found a shimmering blue altar of Sif Muna.
 10989 | D:10     | Reached skill level 7 in Fighting
 11142 | D:11     | Found a staircase to the Orcish Mines.
 11180 | D:11     | Reached **** piety under Dithmenos
 11396 | D:11     | Noticed an oklob plant
 11528 | D:11     | Found a staircase to the Lair.
 11528 | D:11     | Noticed an oklob plant
 11756 | D:11     | Identified the +8 whip of Blood {vorpal, rElec Str-4
                  | Stlth+}
 11756 | D:11     | Noticed an orc knight
 11791 | D:11     | Killed an orc knight
 12262 | D:12     | Noticed Nergalle
 12277 | D:12     | Killed Nergalle
 12278 | D:12     | Reached skill level 8 in Fighting
 12793 | Orc:1    | Entered Level 1 of the Orcish Mines
 12793 | Orc:1    | Noticed an orc knight
 12866 | D:11     | Killed an oklob plant
 12939 | D:11     | Killed an oklob plant
 12940 | D:11     | Reached skill level 9 in Fighting
 12950 | Lair:1   | Entered Level 1 of the Lair of Beasts
 13096 | Lair:1   | Reached XP level 12. HP: 96/96 MP: 12/12
 13135 | Lair:1   | Noticed Amaemon
 13153 | Lair:1   | Killed Amaemon
 13366 | Lair:1   | Reached skill level 10 in Fighting
 13387 | Lair:1   | Reached ***** piety under Dithmenos
 13757 | Lair:1   | Noticed Harold
 13782 | Lair:1   | Killed Harold
 14143 | Lair:2   | Reached skill level 11 in Fighting
 14530 | Lair:2   | Reached skill level 12 in Fighting
 14614 | Lair:2   | Noticed an eight-headed hydra
 14620 | Lair:2   | Killed an eight-headed hydra
 14728 | Lair:2   | Found a hole to the Spider Nest.
 15019 | Lair:3   | Noticed a six-headed hydra
 15028 | Lair:3   | Killed a six-headed hydra
 15044 | Lair:3   | Noticed Nessos
 15074 | Lair:3   | Reached skill level 13 in Fighting
 15074 | Lair:3   | Reached XP level 13. HP: 59/111 MP: 9/13
 15089 | Lair:3   | Killed Nessos
 15924 | Lair:3   | Reached skill level 14 in Fighting
 15935 | Lair:3   | Found a staircase to the Swamp.
 16076 | Lair:3   | Upgraded the game from 0.30-a0-122-g2a1322497e to
                  | 0.30-a0-125-g51eefa89be
 16086 | Lair:4   | Reached ****** piety under Dithmenos
 16868 | Lair:5   | Entered Level 5 of the Lair of Beasts
 16870 | Lair:5   | Found a runed translucent gate.
 16870 | Lair:5   | Found a runed translucent gate.
 16870 | Lair:5   | Found a runed translucent gate.
 17009 | Lair:5   | Reached skill level 15 in Fighting
 17255 | Lair:5   | Reached XP level 14. HP: 103/124 MP: 14/14
 17479 | Lair:5   | Reached skill level 16 in Fighting
 17620 | Lair:5   | Found a staircase to the Slime Pits.
 17728 | Lair:5   | Reached skill level 10 in Armour
 18209 | Lair:5   | Reached skill level 17 in Fighting
 18568 | Lair:5   | Noticed Wigep's ghost (journeyman SpHu)
 19014 | Orc:1    | Found a burning altar of Makhleb.
 19100 | Orc:2    | Entered Level 2 of the Orcish Mines
 19605 | Orc:2    | Noticed Sonja
 19605 | Orc:2    | Noticed an orc warlord
 19828 | Orc:2    | Found a staircase to the Elven Halls.
 19876 | Orc:2    | Killed Sonja
 20183 | Orc:2    | Paralysed by something for 3 turns
 20666 | Orc:2    | Reached skill level 18 in Fighting
 20841 | Orc:2    | Found Qugo Jea's Antique Weapon Shop.
 20842 | Orc:2    | Found Doxomp's Book Shoppe.
 20843 | Orc:2    | Found Udor's Jewellery Emporium.
 20879 | Orc:2    | Gained mutation: Your movements are significantly less
                  | encumbered by armour. (ER -6) [demonic ancestry]
 20879 | Orc:2    | Reached XP level 15. HP: 128/136 MP: 15/15
 20909 | Orc:2    | Found Wygh's Book Shoppe.
 20991 | Orc:2    | Bought the ring of Dishonesty {rN+ Will+} for 579 gold
                  | pieces
 21536 | Spider:1 | Entered Level 1 of the Spider Nest
 21536 | Spider:1 | Noticed an emperor scorpion
 22376 | Lair:2   | Killed an emperor scorpion
 22772 | Spider:1 | Reached skill level 1 in Dodging
 23135 | Spider:1 | Reached skill level 1 in Axes
 23208 | Spider:1 | Noticed Kirke
 23217 | Spider:1 | Killed Kirke
 23259 | Spider:1 | HP: 2/136 [jumping spider (13)]
 24526 | Spider:1 | You fall into a shaft and drop 1 floor!
 24535 | Spider:2 | HP: 6/137 [jumping spider simulacrum (8)]
 24535 | Spider:2 | Slain by a jumping spider simulacrum

Illustrated notes

Levels and vault maps discovered:
D:1:      wander_arrival_lonely_grave, layout_basic
D:2:      minmay_skewed_foursquare, layout_loops_corners, minmay_pentomino_pile
D:3:      layout_basic, mainiacjoe_overflow_alcove_2,
          nicolae_tso_carved_into_rock, nicolae_ecumenical_lake_church,
          portal_sewer_entry_b
D:4:      layout_cave_pools, grunt_temple_overflow_diamond,
          nicolae_ru_the_path_less_chosen
D:5:      layout_loops_ring, uniq_ijyb, uniq_blork_the_orc,
          uniq_crazy_yiuf_cottage, uniq_duvessa, uniq_menkaure
D:6:      layout_basic, dk_yredelemnul_ordeal, minmay_temple_entry_glass,
          serial_shops, shop, nicolae_shop_trees, shop,
          nicolae_shop_bloodbath_and_beyond, shop, minmay_quadrilaterals
D:7:      layout_rooms, minmay_misc_feat_iff, hangedman_decor_clover_reticule,
          hangedman_decor_slide_cut
D:8:      layout_cave_pools, nicolae_uskayaw_murder_on_the_dancefloor,
          enter_bailey_7, hex_medium, uniq_grum
D:9:      layout_roguey, nicolae_benzene_ring, uniq_psyche
D:10:     layout_rooms, mainiacjoe_overflow_paths
D:11:     layout_irregular_city, dpeg_oklobed_lair, zombieorc2_lemuel,
          minmay_misc_feat_secret_circle
D:12:     layout_basic, minmay_nine_imps, uniq_nergalle
Temple:   nicolae_temple_ecumenical_triangle
Lair:1:   layout_cave_pods, minmay_stone_trees_medium, uniq_harold, uniq_amaemon
Lair:2:   layout_misc_corridors, nicolae_spider_entry_tight_spaces
Lair:3:   nzn_winding_woodlands_medium [nzn_winding_woodlands_5x5_perimeter,
          nzn_winding_woodlands_5x15_split_checker,
          nzn_winding_woodlands_5x5_three, nzn_winding_woodlands_5x5_cross,
          nzn_winding_woodlands_center_triple_pond,
          nzn_winding_woodlands_5x5_default,
          nzn_winding_woodlands_5x5_checkerboard,
          nzn_winding_woodlands_5x15_longhouse,
          nzn_winding_woodlands_5x5_closed_star], layout_cave_shapes,
          minmay_swamp_entry_worms, kennysheep_rathole, grunt_megastairs_2,
          uniq_nessos
Lair:4:   layout_small_grid, grunt_megastairs_4, lemuel_fruit_fields
Lair:5:   hangedman_lair_caniforms_friends, layout_regular_city,
          guppyfry_lair_end_dragon, dpeg_slime_entry_corner,
          gammafunk_ghost_icy, cheibrodos_lair_lostbears,
          infiniplex_staircase_pool_2
Spider:1: nicolae_spider_mines_3, uniq_frances, uniq_kirke, uniq_josephine
Spider:2: nicolae_spider_jumping_over_cracks [nicolae_spider_jumping_sub_stairs,
          nicolae_spider_jumping_sub_plain, nicolae_spider_jumping_sub_plain,
          nicolae_spider_jumping_sub_notch]
Orc:1:    layout_caves, basic_altar, minmay_orc_temple_b
Orc:2:    st_orc_open, layout_diamond_mine, uniq_sonja

Skill      XL: |  1  2  3  4  5  6  7  8  9 10 11 12 13 14 15 |
---------------+----------------------------------------------+-----
Shields        | 3 4 |  4.0
Long Blades    | 2 3 |  3.8
Armour         | 3 4 5 6 7 8 9 10 11 | 11.1
Fighting       | 4 5 6 9 13 15 18 | 18.3
Maces & Flails | 1 4 6 8 10 12 | 12.0
Ranged Weapons | 2 3 5 6 7 8 9 |  9.3
Dodging        | 2 |  2.5
Axes           | 3 |  3.5

Action                   |  1- 3 |  4- 6 |  7- 9 | 10-12 | 13-15 || total
-------------------------+-------+-------+-------+-------+-------++-------
Melee: Long sword        |    60 |    66 |       |       |       ||   126
       Headbutt          |     7 |    22 |    39 |   171 |   321 ||   560
       Demon whip        |       |    52 |   237 |   778 |  1032 ||  2099
       Unarmed           |       |       |       |     8 |       ||     8
       Battleaxe         |       |       |       |       |    82 ||    82
 Fire: Sling             |       |    19 |    37 |    36 |   142 ||   234
Throw: Stone             |     1 |     5 |       |       |       ||     6
Evoke: Wand              |       |       |       |     2 |     9 ||    11
  Use: Potion            |     1 |     5 |     4 |     5 |    25 ||    40
       Scroll            |       |     9 |     1 |    14 |    15 ||    39
 Stab: Invisible         |       |       |       |     1 |     4 ||     5
       Confused          |       |       |       |     1 |       ||     1
       Distracted        |       |       |       |       |     2 ||     2
Armor: Scale mail        |    21 |    37 |       |   127 |   333 ||   518
       Skin              |       |    23 |       |     7 |    21 ||    51
       Chain mail        |       |     2 |    67 |    12 |       ||    81
       Plate armour      |       |       |       |    13 |   175 ||   188
Dodge: Dodged            |    27 |    65 |    89 |   344 |   766 ||  1291
Block: Buckler           |     8 |    48 |    33 |   100 |   207 ||   396

Table legend: (Time is in decaauts)
 A = Elapsed time spent in this place.
 B = Non-inter-level travel time spent in this place.
 C = Inter-level travel time spent in this place.
 D = Time resting spent in this place.
 E = Time spent auto-exploring this place.
 F = Levels seen in this place.
 G = Mean time per level.
                   A        B        C        D        E       F      G
               +--------+--------+--------+--------+--------+-----+--------+
         Total |  23785 |  22437 |   1348 |   5369 |  11064 |  24 |  991.0 |
       Dungeon |  11842 |  11215 |    627 |   1863 |   6696 |  12 |  986.8 |
        Temple |     13 |     13 |      0 |      0 |      0 |   1 |   13.0 |
          Lair |   7431 |   6937 |    494 |   1845 |   3438 |   5 | 1486.2 |
   Spider Nest |   1171 |   1171 |      0 |    719 |     77 |   2 |  585.5 |
  Orcish Mines |   2330 |   2104 |    226 |    478 |    795 |   2 | 1165.0 |
         Sewer |    479 |    479 |      0 |    170 |     56 |   1 |  479.0 |
        Bailey |    517 |    517 |      0 |    294 |      0 |   1 |  517.0 |
               +--------+--------+--------+--------+--------+-----+--------+

Top non-repeatable levels by time:
  Lair:2: 2754 daAuts
     D:2: 1650 daAuts
  Lair:5: 1597 daAuts
     D:3: 1546 daAuts
     D:5: 1261 daAuts
   Orc:2: 1199 daAuts
     D:6: 1183 daAuts
Spider:1: 1162 daAuts
  Lair:1: 1147 daAuts
   Orc:1: 1131 daAuts
     D:4: 1127 daAuts
    D:11: 1107 daAuts
  Lair:3: 1024 daAuts
  Lair:4: 907 daAuts
     D:7: 875 daAuts
